 Dungeon Crawl Stone Soup version 0.30-a0-777-ga9a30cbeda (console) character file.

Game seed: 13652480992382944434

18 rlgrobin the Insei (level 2, 0/24 HPs)
             Began as a Mummy Monk on Feb 14, 2023.
             Slain by a bat (1 damage)
             ... on level 2 of the Dungeon.
             The game lasted 00:01:22 (1074 turns).

rlgrobin the Insei (Mummy Monk)                     Turns: 1074, Time: 00:01:22

Health: 0/24       AC:  0    Str: 14    XL:     2   Next: 48%
Magic:  2/2        EV:  9    Int:  9    God:
Gold:   31         SH:  0    Dex: 14    Spells: 1/1 levels left

rFire   x . .      SeeInvis .      - Unarmed
rCold   + . .      Faith    +    (no shield)
rNeg    + + +      Spirit   .    (no body armour)
rPois   ∞          Reflect  .    (no helmet)
rElec   .          Harm     .    (no cloak)
rCorr   .          Rampage  .    (no gloves)
Will    .....                    (no boots)
Stlth   ++                       (no amulet)
HPRegen 0.24/turn                (no ring)
MPRegen 0.08/turn                (no ring)

@: constricted
A: cold resistance 1, negative energy resistance 3, torment resistance 2, heat
vulnerability 1, no potions, faith
a: no special abilities


You were on level 2 of the Dungeon.
You visited 1 branch of the dungeon, and saw 2 of its levels.

You collected 31 gold pieces.

Inventory:

Scrolls
 a - a scroll of immolation {unknown}
 b - 2 scrolls of identify {unknown}
 c - a scroll of amnesia {unknown}
 d - a scroll of fog {unknown}
 e - a scroll of enchant weapon {unknown}
 f - 2 scrolls of teleportation {unknown}
 g - a scroll of summoning {unknown}


   Skills:
 - Level 3.0 Fighting
 - Level 2.4 Dodging
 - Level 1.5 Stealth
 + Level 3.2 Unarmed Combat


You had one spell level left.
You didn't know any spells.
Your spell library was empty.

Dungeon Overview and Level Annotations

Branches:
Dungeon (2/15)

Altars:
Kikubaaqudgha


Innate Abilities, Weirdness & Mutations

You are immune to poison.
Your flesh is cold resistant. (rC+)
You are immune to negative energy. (rN+++)
You are immune to unholy pain and torment.
You are vulnerable to heat. (rF-)
You do not drink.
You have a special connection with the divine. (Faith)


Message History

You hit the bat.
The bat is moderately wounded.
The bat hits you. The bat closely misses you.
The frilled lizard barely misses you.
You closely miss the bat.
The bat is moderately wounded.
The bat hits you. The frilled lizard bites you.
You hit the bat but do no damage.
The bat is moderately wounded.
The bat closely misses you. The frilled lizard bites you.
You hit the frilled lizard.
You kill the frilled lizard!
The bat hits you. The ball python bites you. The ball python grabs you.
The ball python constricts you.
You hit the ball python.
The ball python is moderately wounded.
The bat hits you. The ball python bites you. The ball python constricts you.
You barely miss the ball python.
The ball python is moderately wounded.
The bat hits you. The ball python bites you.
* * * LOW HITPOINT WARNING * * *
The ball python constricts you.
* * * LOW HITPOINT WARNING * * *
You completely miss the ball python.
The ball python is moderately wounded.
The ball python barely misses you. The ball python constricts you.
* * * LOW HITPOINT WARNING * * *
The bat barely misses you.
You completely miss the ball python.
The ball python is moderately wounded.
The bat hits you.
* * * LOW HITPOINT WARNING * * *
The ball python bites you.
* * * LOW HITPOINT WARNING * * *
The ball python constricts you.
* * * LOW HITPOINT WARNING * * *
You barely miss the ball python.
The ball python is moderately wounded.
The bat hits you.
You die...

#.##..# .# #.
#.....## ... #.
####...# .... #.
##'### ....##.
##...## .......
##†....#
.......##......#
.......#.b.....#
.......S@......#
#...####.......#
# ##......#
#......#
#..[..## #.._..#
......# .....#


You could see a bat and a ball python.

Vanquished Creatures
  A ball python (D:1)
  3 endoplasms
  2 jackals (D:1)
  A quokka (D:2)
  A frilled lizard (D:2)
  4 kobolds
  4 rats
16 creatures vanquished.

Notes
Turn   | Place    | Note
-------+----------+-------------------------------------------
     0 | D:1      | rlgrobin the Mummy Monk began the quest for the Orb.
     0 | D:1      | Reached XP level 1. HP: 18/18 MP: 1/1
   121 | D:1      | Found a faded altar of an unknown god.
   304 | D:1      | Reached XP level 2. HP: 14/24 MP: 2/2
  1058 | D:2      | Found an ancient bone altar of Kikubaaqudgha.
  1073 | D:2      | HP: 1/24 [constriction (1)]
  1074 | D:2      | Slain by a bat

Illustrated notes

Levels and vault maps discovered:
D:1:      amcnicky_arrival_abandoned_market, layout_loops_ring,
          shapermc_ecumenical_altar_mp_highgroup
D:2:      layout_loops_corners, basic_altar, uniq_jessica,
          uniq_crazy_yiuf_cottage

Skill      XL: |  1 |
---------------+----+-----
Unarmed Combat | 3 |  3.2
Fighting       | |  3.0
Dodging        | |  2.4
Stealth        | |  1.5

Action                     || total
---------------------------++-------
  Melee: Unarmed           ||    55
   Stab: Sleeping          ||     1
  Dodge: Dodged            ||    33

Table legend: (Time is in decaauts)
 A = Elapsed time spent in this place.
 B = Non-inter-level travel time spent in this place.
 C = Inter-level travel time spent in this place.
 D = Time resting spent in this place.
 E = Time spent auto-exploring this place.
 F = Levels seen in this place.
 G = Mean time per level.
                   A        B        C        D        E       F      G
               +--------+--------+--------+--------+--------+-----+--------+
         Total |   1071 |   1030 |     41 |     62 |    819 |   2 |  535.5 |
       Dungeon |   1071 |   1030 |     41 |     62 |    819 |   2 |  535.5 |
               +--------+--------+--------+--------+--------+-----+--------+

Top non-repeatable levels by time:
     D:1: 892 daAuts
     D:2: 178 daAuts
